AoeStats
← Fabian

Black Forest

509737923Analyzed
2v2 RM · 6d ago on Sep 27, 2026· 63m 47s· 4 players
Game mode
Random Map
Map size
Medium (4 player)
Population
200
Speed
Normal
Resources
Standard
Victory
Conquest
Starting age
Dark Age
Ending age
Imperial Age
RankedLock teamsTeams togetherTeam positionsShared explorationLock speedFull tech treeHidden civsTurbo modeCheats
Victory
Defeat
🇲🇽 Persians · Mexico
1047
+12
🇲🇽 Franks · Mexico
877
+18
🇧🇷 Mongols · Brazil
951
-15
🇧🇷 Persians · Brazil
950
-15
BARBARUIVA
0:37 Loom
12:10 Feudal Age
14:47 Double-Bit Axe
14:45 Horse Collar
18:08 Stone Mining
18:09 Gold Mining
21:55 Castle Age
23:17 Wheelbarrow
24:56 Hand Cart
24:28 Town Watch
26:40 Bow Saw
26:58 Heavy Plow
29:39 Gold Shaft Mining
29:41 Stone Shaft Mining
29:27 Forging
29:26 Scale Mail Armor
30:28 Squires
29:49 Pikeman
30:56 Fletching
31:48 Bodkin Arrow
35:34 Imperial Age
33:06 Town Patrol
34:12 Thumb Ring
37:28 Chemistry
36:40 Masonry
36:42 Bracer
36:44 Padded Archer Armor
36:51 Scale Barding Armor
36:12 Heavy Cavalry Archer
37:25 Conscription
37:10 Nomads
38:11 Ballistics
38:05 Masonry
38:07 Fortified Wall
39:07 Drill
39:41 Siege Engineers
41:26 Onager
42:58 Elite Mangudai
43:05 Siege Onager
56:54 Arson
57:51 Iron Casting
57:31 Chain Mail Armor
62:33 Blast Furnace
62:04 Plate Mail Armor
Fabian
0:28 Loom
16:55 Feudal Age
17:13 Horse Collar
17:20 Double-Bit Axe
21:53 Castle Age
20:43 Stone Mining
20:47 Gold Mining
22:57 Wheelbarrow
22:25 Heavy Plow
22:38 Bow Saw
23:48 Hand Cart
25:16 Caravan
26:32 Masonry
26:44 Ballistics
27:24 Stone Shaft Mining
29:03 Murder Holes
35:19 Imperial Age
35:47 Scale Barding Armor
35:08 Elite War Elephant
36:09 Conscription
37:25 Two-Man Saw
37:04 Gold Shaft Mining
37:05 Chain Barding Armor
37:49 Kamandaran
38:29 Plate Barding Armor
37:33 Crossbowman
38:21 Padded Archer Armor
38:13 Fletching
40:01 Chemistry
39:12 Thumb Ring
40:06 Leather Archer Armor
40:17 Bodkin Arrow
42:45 Ring Archer Armor
51:27 Crop Rotation
51:07 Husbandry
51:17 Bloodlines
57:08 Citadels
El viejo7335
0:27 Loom
11:56 Feudal Age
19:57 Castle Age
18:07 Double-Bit Axe
21:28 Husbandry
22:10 Scale Barding Armor
22:17 Forging
30:01 Fishing Lines
31:12 Bow Saw
35:03 Wheelbarrow
34:15 Town Watch
34:43 Gillnets
37:37 Imperial Age
34:43 Pikeman
35:51 Stone Mining
35:53 Gold Mining
36:35 Gambesons
37:23 Hand Cart
37:50 Gold Shaft Mining
37:37 Padded Archer Armor
38:13 Iron Casting
37:58 Chain Barding Armor
37:56 Squires
37:43 Arson
37:50 Halberdier
38:51 Leather Archer Armor
38:40 Town Patrol
40:11 Chemistry
40:07 Cavalier
41:54 Blast Furnace
41:29 Plate Barding Armor
42:22 Scale Mail Armor
42:57 Murder Holes
42:58 Paladin
44:03 Treadmill Crane
52:35 Arrowslits
60:38 Masonry
63:11 Elite Skirmisher
63:55 Fletching
Dr Death Mic
4:52 Loom
10:48 Feudal Age
11:15 Horse Collar
11:22 Double-Bit Axe
19:54 Castle Age
18:54 Wheelbarrow
18:35 Town Watch
19:02 Gold Mining
21:32 Stone Mining
28:21 Heavy Plow
29:42 Bow Saw
30:21 Fletching
30:32 Padded Archer Armor
29:55 Crossbowman
31:40 Hand Cart
31:48 Bodkin Arrow
32:30 Caravan
32:47 Husbandry
36:34 Imperial Age
34:13 Scale Barding Armor
34:19 Forging
35:22 Chain Barding Armor
35:34 Bloodlines
35:44 Kamandaran
36:37 Gold Shaft Mining
37:08 Iron Casting
37:35 Crop Rotation
37:34 Conscription
37:59 Plate Barding Armor
37:46 Elite War Elephant
39:28 Blast Furnace
40:06 Stone Shaft Mining
39:34 Town Patrol
39:36 Devotion
39:58 Ballistics
40:39 Chemistry
40:42 Bodkin Arrow
41:03 Leather Archer Armor
40:58 Thumb Ring
40:58 Onager
42:58 Ring Archer Armor
42:42 Masonry
42:28 Murder Holes
48:49 Scale Mail Armor
50:04 Pikeman
50:46 Squires
50:33 Arson
50:35 Gambesons
51:25 Architecture
51:11 Chain Mail Armor
54:02 Halberdier
61:44 Two-Man Saw
64:05 Plate Mail Armor
Connection lost

Rejoining the realm…

Still unreachable

The connection could not be restored.

Session expired

The server has moved on; the page needs a fresh start.